 Dungeon Crawl Stone Soup version 0.22-a0-458-gb446440d2e (webtiles) character file.

6686 Oravi the Spear-Bearer (level 10, -2/84 HPs)
             Began as a Green Draconian Skald on June 8, 2018.
             Was a Priest of Vehumet.
             Slain by a two-headed ogre
             ... wielding a +0 dire flail
              (11 damage)
             ... on level 8 of the Dungeon.
             The game lasted 00:46:29 (8685 turns).

Oravi the Spear-Bearer (Green Draconian Skald)      Turns: 8685, Time: 00:46:29

Health: -2/84      AC: 18    Str: 15    XL:     10   Next: 73%
Magic:  7/19       EV: 12    Int: 16    God:    Vehumet [***...]
Gold:   316        SH:  0    Dex: 14    Spells: 15/21 levels left

rFire    . . .     SeeInvis +   a - +1 spear
rCold    . . .     Gourm    .   (no shield)
rNeg     . . .     Faith    .   (armour unavailable)
rPois    +         Spirit   .   m - +2 hat {SInv}
rElec    .         Reflect  .   (no cloak)
rCorr    .         Harm     .   r - +2 pair of gloves
MR       .....                  (no boots)
Stlth    +.........             (no amulet)
HPRegen  0.24/turn              h - +6 ring of protection
MPRegen  0.16/turn              g - +4 ring of dexterity

@: short of breath
A: breathe noxious fumes, unfitting armour, poison resistance, cold-blooded, AC
+7
a: Breathe Noxious Fumes, Renounce Religion


You were on level 8 of the Dungeon.
You worshipped Vehumet.
Vehumet was most pleased with you.
You were not hungry.

You visited 1 branch of the dungeon, and saw 9 of its levels.

You collected 316 gold pieces.

Inventory:

Hand Weapons
 a - a +1 spear (weapon)
Missiles
 k - 166 stones (quivered)
 o - 19 poisoned needles
 x - 15 tomahawks
 B - 4 javelins of returning
Armour
 m - a +2 hat of see invisible (worn)
 q - a +0 large shield
 r - a +2 pair of gloves (worn)
Jewellery
 b - an uncursed ring of poison resistance {unknown}
 g - a +4 ring of dexterity (right hand)
 h - a +6 ring of protection (left hand)
 s - an uncursed ring of see invisible {unknown}
 y - a cursed ring of teleportation {unknown}
 D - a +3 ring of intelligence {unknown}
Wands
 F - a wand of acid (9)
 G - a wand of paralysis (8)
Scrolls
 d - 2 scrolls of immolation
 l - a scroll of enchant weapon
 p - 2 scrolls of teleportation
 t - a scroll of amnesia
 v - 2 scrolls of identify
 A - a scroll of fear {unknown}
 E - a scroll of enchant armour {unknown}
 H - a scroll of brand weapon {unknown}
Potions
 e - 2 potions of mutation
 f - 3 potions of curing
 i - 3 potions of flight
 j - 3 potions of brilliance
 n - 5 potions of resistance
 u - 2 potions of haste
 w - a potion of heal wounds
 z - a potion of agility {unknown}
 C - a potion of ambrosia {unknown}
Comestibles
 c - 14 rations
 I - 3 chunks of flesh


   Skills:
 + Level 6.3 Fighting
 + Level 10.5 Polearms
 - Level 2.1 Dodging
 + Level 6.4 Spellcasting
 + Level 6.0 Hexes
 + Level 6.7 Charms


You had 15 spell levels left.
You knew the following spells:

 Your Spells              Type           Power        Failure   Level  Hunger
a - Infusion              Chrm           ####         1%          1    None
b - Song of Slaying       Chrm           ####....     1%          2    None
c - Spectral Weapon       Hex/Chrm       ####....     2%          3    ##.....

Your spell library contained the following spells:

 Spells                   Type           Power        Failure   Level  Hunger
 Animate Dead             Necr           N/A          78%         4    ####...
 Pain                     Necr           #...         13%         1    None
 Animate Skeleton         Necr           N/A          13%         1    None
 Vampiric Draining        Necr           #.........   36%         3    ##.....
 Regeneration             Chrm/Necr      ###.......   10%         3    ##.....
 Corona                   Hex            ###....      1%          1    None
 Shroud of Golubria       Chrm/Tloc      ###.......   4%          2    None


Dungeon Overview and Level Annotations

Branches:
Dungeon (9/15)             Temple (0/1) D:6
   Lair: D:8-11         Orc: D:9-12

Altars:
Dithmenos
Gozag
Kikubaaqudgha
Makhleb
Nemelex Xobeh
Sif Muna
Uskayaw
Vehumet
Wu Jian
Yredelemnul

Shops:
D:5 :

Annotations:
D:3 FluffierThanThou's ghost, amateur MiBe
D:6 Ireaine's ghost, novice NaBe
D:8 2 transporters


Innate Abilities, Weirdness & Mutations

You can breathe blasts of noxious fumes.
Your lurid green scales are hard. (AC +7)
You cannot fit into any form of body armour.
Your system is resistant to poisons. (rPois)
You are cold-blooded and may be slowed by cold attacks.


Message History

Your spectral weapon shares its damage with you!
The two-headed ogre hits your spectral weapon with a giant spiked club!!
Your spectral weapon shares its damage with you!
Your spectral weapon fades away.
You hit the two-headed ogre.
The two-headed ogre is heavily wounded.
You hit the two-headed ogre.
The two-headed ogre is severely wounded.
The two-headed ogre seems less confused.
The two-headed ogre closely misses you.
The two-headed ogre hits you with a giant spiked club!
* * * LOW HITPOINT WARNING * * *
You hit the two-headed ogre.
The two-headed ogre is severely wounded.
You hit the two-headed ogre.
The two-headed ogre is almost dead.
The two-headed ogre hits you with a dire flail!
* * * LOW HITPOINT WARNING * * *
The two-headed ogre hits you with a giant spiked club!
You die...

#######.##..#.#.#####..#..#.
#.##..#.#.#...#..#.!#.
######)##..#.#.#...#..#..#.
#......[...#.#.#...#..#..#.
#......[...#.#.#...#..#..#.
#..........#.#.#'###..#..#.
#.......#..#.#........#..#.
#.......#..#.#........#..#.
#.......'.@'.#........#..#.
#.......#.O#.##########..#.
#.......#..#.............#.
#.......#..#.............#.
#.......#..#######'#######.
#.......#..........).......
#.......#..................
#.......###################
#.......#


You could see a two-headed ogre.

Vanquished Creatures
  3 two-headed ogres (D:8)
  Maurice (D:8)
  Psyche (D:8)
  Grinder (D:5)
  Prince Ribbit (D:8)
  A human (D:8)
  4 hogs (D:8)
  A hungry ghost (D:8)
  A water moccasin (D:8)
  An orc warrior (D:8)
  4 ice beasts
  A black bear (D:8)
  2 sky beasts (D:8)
  An ogre (D:5)
  A phantom (D:6)
  2 centaurs
  A big kobold (D:8)
  3 bullfrogs (D:8)
  5 killer bees (D:8)
  3 scorpions
  2 howler monkeys (D:4)
  5 crimson imps
  A bullfrog zombie (D:8)
  A jelly (D:5)
  2 centaur skeletons (D:5)
  4 hounds
  3 orc priests
  3 iguanas
  5 orc wizards
  Natasha (twice) (D:2)
  7 worker ants
  A hound zombie (D:7)
  A hound skeleton (D:6)
  4 gnolls (D:7)
  14 adders
  A shadow imp (D:5)
  An ooze (D:3)
  2 adder skeletons (D:6)
  4 worms
  A dart slug (D:1)
  2 leopard geckos
  13 orcs
  3 ball pythons
  3 bats
  9 giant cockroaches
  10 goblins
  10 hobgoblins
  10 jackals
  4 quokkas
  9 frilled lizards
  A jackal zombie (D:7)
  12 kobolds
  A leopard gecko skeleton (D:4)
  A leopard gecko zombie (D:6)
  2 quokka skeletons
  6 rats
  A spectral weapon (D:8)
199 creatures vanquished.

Vanquished Creatures (others)
  4 spectral weapons
4 creatures vanquished.

Grand Total: 203 creatures vanquished

Notes
Turn   | Place    | Note
-------+----------+-------------------------------------------
     0 | D:1      | Oravi the Draconian Skald began the quest for the Orb.
     0 | D:1      | Reached XP level 1. HP: 17/17 MP: 3/3
   201 | D:1      | Reached XP level 2. HP: 24/24 MP: 5/5
   458 | D:1      | Reached skill level 3 in Polearms
   895 | D:2      | Noticed Natasha
   918 | D:2      | Killed Natasha
   918 | D:2      | Reached skill level 4 in Polearms
   918 | D:2      | Reached XP level 3. HP: 15/29 MP: 2/6
  1071 | D:2      | Reached XP level 4. HP: 30/36 MP: 3/7
  1080 | D:2      | Found a faded altar of an unknown god.
  1439 | D:2      | Reached skill level 5 in Polearms
  1466 | D:2      | Found an ancient bone altar of Kikubaaqudgha.
  1470 | D:2      | Found a deep blue altar of Sif Muna.
  1472 | D:2      | Found a radiant altar of Vehumet.
  1476 | D:2      | Identified Sif Muna's Disquisition on the Oath
  1506 | D:2      | Found a burning altar of Makhleb.
  1526 | D:2      | Noticed Natasha
  1536 | D:2      | Killed Natasha
  1536 | D:2      | Reached XP level 5. HP: 41/41 MP: 2/8
  1558 | D:2      | Became a worshipper of Vehumet
  1780 | D:3      | Found a basalt altar of Yredelemnul.
  2305 | D:3      | Noticed FluffierThanThou's ghost (amateur MiBe)
  2846 | D:3      | Reached * piety under Vehumet
  2846 | D:3      | Offered knowledge of Sting by Vehumet.
  3032 | D:4      | Reached skill level 6 in Polearms
  3040 | D:4      | Reached XP level 6. HP: 45/48 MP: 2/9
  3267 | D:4      | Found a sparkling altar of Nemelex Xobeh.
  3374 | D:4      | Reached skill level 7 in Polearms
  3378 | D:4      | Learned a level 2 spell: Song of Slaying
  3382 | D:4      | Learned a level 3 spell: Spectral Weapon
  3563 | D:4      | Found a hide-covered altar of Uskayaw.
  3573 | D:4      | Found a shadowy altar of Dithmenos.
  3701 | D:5      | Entered Level 5 of the Dungeon
  3989 | D:5      | Your scales start taking on a lurid green colour.
  3989 | D:5      | Reached XP level 7. HP: 46/55 MP: 2/10
  3989 | D:5      | Gained mutation: Your system is resistant to poisons. (rPois) [Green Draconian growth]
  4016 | D:4      | Reached skill level 8 in Polearms
  4184 | D:5      | Noticed Grinder
  4213 | D:5      | Paralysed by Grinder for 3 turns
  4248 | D:5      | Killed Grinder
  4248 | D:5      | Reached skill level 1 in Hexes
  4610 | D:5      | Offered knowledge of Throw Frost by Vehumet.
  4710 | D:5      | Reached XP level 8. HP: 53/61 MP: 12/12
  4768 | D:5      | Found Kiutset's Book Emporium.
  4986 | D:5      | Reached ** piety under Vehumet
  5287 | D:6      | Found a staircase to the Ecumenical Temple.
  5629 | D:6      | Noticed Ireaine's ghost (novice NaBe)
  5762 | D:6      | Found an ornate altar of the Wu Jian Council.
  5965 | D:7      | Reached skill level 9 in Polearms
  6907 | D:8      | Reached XP level 9. HP: 64/68 MP: 7/15
  6931 | D:8      | Reached skill level 5 in Charms
  6935 | D:8      | Offered knowledge of Static Discharge by Vehumet.
  7089 | D:8      | Reached *** piety under Vehumet
  7189 | D:8      | Reached skill level 5 in Spellcasting
  7341 | D:8      | Offered knowledge of Iskenderun's Mystic Blast by Vehumet.
  7503 | D:8      | Found a transporter.
  7520 | D:8      | Found a transporter.
  7631 | D:8      | Reached skill level 5 in Hexes
  7632 | D:8      | Noticed a two-headed ogre
  7633 | D:8      | Noticed Prince Ribbit
  7651 | D:8      | Killed a two-headed ogre
  7651 | D:8      | Reached skill level 5 in Fighting
  7651 | D:8      | Reached skill level 10 in Polearms
  7651 | D:8      | Reached XP level 10. HP: 69/81 MP: 6/18
  7687 | D:8      | Killed Prince Ribbit
  7794 | D:8      | Found an opulent altar of Gozag.
  7838 | D:8      | Noticed a two-headed ogre
  7850 | D:8      | Killed a two-headed ogre
  8052 | D:8      | Noticed Psyche
  8312 | D:8      | Killed Psyche
  8340 | D:8      | Noticed a two-headed ogre
  8354 | D:8      | Killed a two-headed ogre
  8592 | D:9      | Noticed Maurice
  8607 | D:8      | Killed Maurice
  8638 | D:9      | Noticed a two-headed ogre
  8685 | D:8      | Slain by a two-headed ogre

Vault maps used:
D:1:      saegor_arrival_simple_c
D:2:      grunt_temple_overflow_magic_moments, chequers_ecumenical_altar_simple,
          makhleb_blood_cavern_becter, uniq_natasha
D:3:      yredelemnul_altar_generic, small_statue_intersection
D:4:      kennysheep_mini_moat, amethyst_overflow_temple_binary, first_ration,
          hangedman_decor_riveting, minmay_bent
D:5:      serial_shops, nicolae_shop_stone, minmay_checkerbox, uniq_grinder
D:6:      minmay_temple_entry_glass, basic_altar, palyth_stone_intersect
D:7:      minmay_item_behind_shaft, serial_bayou_pond_a, kennysheep_donut
D:8:      gammafunk_steamed_eel, marbit_many_paths, grunt_livestock,
          uniq_psyche, uniq_prince_ribbit1
D:9:      uniq_pikel, uniq_maurice

Skill      XL: |  1  2  3  4  5  6  7  8  9 10 |
---------------+-------------------------------+-----
Polearms       | 4 5 6 7 8 9 10 | 10.5
Hexes          | 1 3 5 6 |  6.0
Charms         | 3 4 6 |  6.7
Spellcasting   | 3 4 5 6 |  6.4
Fighting       | 5 6 |  6.3
Dodging        | |  2.1

Action                   |  1- 3 |  4- 6 |  7- 9 | 10-12 || total
-------------------------+-------+-------+-------+-------++-------
Melee: Spear             |   119 |   231 |   533 |    75 ||   958
       Tailslap          |    10 |    24 |    45 |     8 ||    87
Throw: Stone             |    34 |   109 |   194 |    31 ||   368
 Cast: Infusion          |     7 |    28 |    32 |     7 ||    74
       Spectral Weapon   |       |     4 |    15 |    11 ||    30
 Abil: Breathe Noxious F |       |       |    11 |     6 ||    17
  Use: Scroll            |       |     7 |     8 |       ||    15
 Stab: Sleeping          |     1 |       |     1 |       ||     2
       Confused          |       |       |     2 |     3 ||     5
       Distracted        |       |       |     2 |       ||     2
  Eat: Chunk             |     1 |    11 |    15 |     5 ||    32
Armor: Skin              |    33 |    55 |   123 |    19 ||   230
Dodge: Dodged            |    52 |    73 |   147 |    39 ||   311

Table legend:
 A = Spawn XP
 B = Non-spawn XP
 C = Spawn XP percentage of total XP
 D = Spawn monster count
 E = Non-spawn monster count
 F = Spawn count percentage of total count
 G = Total turns spent on level
                    A         B        C        D         E        F      G
               +---------+---------+-------+---------+---------+-------+---------
         Total |       0 |    9552 |   0.0 |       0 |     198 |   0.0 |  8685
               +---------+---------+-------+---------+---------+-------+---------
           D:1 |       0 |      38 |   0.0 |       0 |      21 |   0.0 |   876
           D:2 |       0 |     203 |   0.0 |       0 |      23 |   0.0 |   961
           D:3 |       0 |      48 |   0.0 |       0 |      24 |   0.0 |  1115
           D:4 |       0 |     476 |   0.0 |       0 |      24 |   0.0 |  1036
           D:5 |       0 |     974 |   0.0 |       0 |      16 |   0.0 |  1120
           D:6 |       0 |     489 |   0.0 |       0 |      21 |   0.0 |   749
           D:7 |       0 |     350 |   0.0 |       0 |      15 |   0.0 |   920
           D:8 |       0 |    6974 |   0.0 |       0 |      54 |   0.0 |  1896
               +---------+---------+-------+---------+---------+-------+---------
